Map: Catalyst LE

Players

FluffyZling

  • Race: Terran Terran
  • League: Diamond
  • Spawn Location: 11:00

LigerMaNN - Winner!

  • Race: Zerg Zerg
  • League: Diamond
  • Spawn Location: 5:00

VOD

Have the link to the VOD?

Description

Time

  • Played on: Dec. 28, 2017, 9:46 a.m.
  • Length: 21:24
Show
View Real Time Build Order
Export as new Build Order

FluffyZling Terran 

Build Orders: Reaper Expand, MMM Bio 

Get SALT Encoding   

  12  0:03  SCV  
  13  0:15  SCV  
  14  0:23  Supply Depot  
  14  0:27  SCV  
  15  0:45  Refinery, SCV  
  15  0:47  Barracks  
  16  0:57  SCV  
  17  1:09  SCV  
  18  1:21  SCV  
  19  1:35  Orbital Command  
  19  1:36  Reaper  
  20  1:48  Command Center  
  20  2:01  Supply Depot  
  20  2:10  SCV  
  20  2:11  Factory  
  21  2:16  Marine  
  21  2:22  SCV  
  23  2:32  Supply Depot  
  23  2:34  Marine, SCV  
  25  2:46  SCV  
  25  2:51  Marine  
  25  2:57  Supply Depot  
  26  3:00  Orbital Command  
  26  3:04  Factory Tech Lab, Starport  
  26  3:09  Marine  
  26  3:10  SCV  
  28  3:19  Supply Depot  
  28  3:22  SCV  
  28  3:23  Refinery  
  29  3:27  Marine  
  29  3:28  SCV  
  29  3:30  Barracks  
  31  3:40  SCV  
  32  3:42  Supply Depot  
  32  3:45  Marine  
  32  3:47  SCV  
  34  3:56  Siege Tank  
  34  3:57  Refinery  
  34  3:58  Refinery  
  36  4:11  Supply Depot  
  36  4:21  Medivac  
  36  4:22  Marine x2  
  40  4:24  Barracks, SCV  
  40  4:25  SCV  
  42  4:36  SCV  
  42  4:37  SCV  
  44  4:39  Liberator, Marine  
  44  4:40  Marine  
  44  4:43  Supply Depot  
  46  4:48  SCV  
  44  4:57  Marine x2  
  46  5:12  SCV x2  
  47  5:20  Supply Depot  
  47  5:22  Supply Depot  
  47  5:24  SCV  
  48  5:40  Barracks Tech Lab  
  44  5:45  SCV  
  41  5:51  Marine x2  
  41  5:53  SCV  
  44  5:57  Starport Reactor, SCV  
  44  5:58  Siege Tank  
  44  6:03  Marine  
  49  6:05  SCV  
  49  6:09  Marine x2, SCV  
  49  6:10  Barracks  
  53  6:11  Barracks  
  53  6:13  Barracks x2  
  53  6:15  Command Center, Barracks, Stimpack  
  53  6:17  SCV  
  54  6:21  Marine  
  54  6:22  Refinery, SCV  
  54  6:24  Supply Depot  
  56  6:29  SCV  
  57  6:34  SCV  
  57  6:36  Marine x2  
  57  6:39  Marauder  
  62  6:53  Supply Depot  
  59  6:56  Marine x2  
  59  7:01  Marauder  
  63  7:02  Barracks Reactor x2, Barracks Tech Lab x3  
  63  7:06  SCV  
  63  7:07  SCV  
  65  7:16  Supply Depot  
  65  7:18  SCV  
  65  7:19  SCV  
  65  7:22  Marauder x2, Marine  
  72  7:29  Barracks Reactor  
  69  7:30  Concussive Shells  
  69  7:32  Siege Tank  
  72  7:37  Orbital Command  
  72  7:41  SCV x2  
  74  7:44  Marine x2  
  74  7:45  Marauder, Marine x2  
  80  7:53  Marine, SCV x2  
  80  7:54  Marauder, Marine  
  86  8:00  Marine  
  86  8:02  Marine  
  86  8:05  Medivac x2  
  90  8:12  Combat Shields  
  92  8:33  SCV  
  94  8:34  SCV  
  94  8:39  Marine  
  94  8:40  Marauder x3, Marine x3  
  104  8:43  Orbital Command  
  104  8:45  Engineering Bay, SCV  
  104  8:46  Engineering Bay, SCV  
  104  8:48  Armory x2  
  106  8:54  Marine x3  
  109  9:09  Supply Depot  
  109  9:10  Supply Depot  
  109  9:13  Supply Depot x2, Terran Infantry Weapons Level 1  
  109  9:20  Terran Infantry Armor Level 1  
  109  9:30  Marine x2  
  109  9:31  Marauder x2, SCV x2  
  117  9:32  Marauder, Marine x3, SCV  
  123  9:38  Missile Turret  
  123  9:39  Missile Turret  
  123  9:42  Missile Turret  
  123  9:43  SCV x2  
  123  9:44  SCV  
  126  9:47  Marauder, Marine  
  126  9:48  Marine  
  126  9:50  Marine x2  
  126  9:51  Marine  
  133  9:55  SCV x2  
  122  10:20  Marauder, Marine x2  
  122  10:21  Marauder  
  128  10:22  SCV  
  128  10:26  Refinery x2  
  129  10:28  Marine  
  129  10:29  Marauder x2, Marine  
  129  10:34  Terran Vehicle Weapons Level 1  
  129  10:35  Terran Ship Weapons Level 1, Factory  
  135  10:36  Starport  
  135  10:39  Command Center  
  135  10:42  SCV x3  
  138  10:45  Unknown  
  138  10:47  Marine  
  138  10:48  Marauder  
  141  10:56  Barracks Reactor  
  141  11:01  Siege Tank, Marine x3  
  141  11:02  Marauder  
  141  11:04  Supply Depot  
  149  11:05  Supply Depot  
  149  11:06  Liberator, Supply Depot x2  
  149  11:21  Marauder  
  149  11:23  Medivac  
  114  11:33  Siege Tank  
  114  11:39  Orbital Command  
  92  11:52  Planetary Fortress  
  92  11:53  Medivac  
  94  11:56  SCV  
  94  11:57  SCV  
  96  12:02  Marauder, Marine x4  
  96  12:03  Marauder x3, Marine x2  
  110  12:08  SCV  
  110  12:09  SCV  
  112  12:17  Marine x2  
  112  12:18  Refinery  
  112  12:19  Siege Tank  
  112  12:21  SCV x2  
  116  12:24  Marauder  
  116  12:28  Marauder, Marine x2  
  112  12:33  SCV x2  
  109  12:45  SCV x2  
  69  13:25  Marauder x2, Marine x3  
  69  13:26  Marauder  
  78  13:40  SCV  
  77  13:41  Command Center  
  73  14:01  Command Center, SCV x3  
  76  14:05  Medivac  
  76  14:06  Unknown  
  78  14:13  SCV x3  
  78  14:14  Marine  
  82  14:20  Terran Infantry Weapons Level 2  
  82  14:25  Marine, SCV x3  
  82  14:26  Marine  
  82  14:27  Marine  
  88  14:37  SCV  
  88  14:38  SCV x2  
  91  14:40  Terran Infantry Armor Level 2  
  91  15:04  Marine x2  
  91  15:05  Marauder x4, Marine x3  
  92  15:20  Marine  
  85  15:22  Orbital Command  
  85  15:25  Planetary Fortress  
  85  15:27  SCV x3  
  88  15:30  Marine  
  88  15:35  Medivac  
  91  15:39  SCV x3  
  94  15:47  Marauder, Marine x3  
  94  15:48  Marauder  
  101  15:50  Factory Tech Lab, Starport Reactor  
  102  15:57  SCV x4  
  105  16:04  SCV  
  105  16:09  SCV x3  
  109  16:11  Orbital Command  
  109  16:16  SCV  
  101  16:28  Liberator  
  101  16:29  Liberator  
  70  16:37  SCV  
  69  16:41  SCV x4  
  69  16:45  Medivac  
  69  16:46  Medivac  
  83  16:47  Marine  
  83  16:48  Marine  
  84  16:58  Liberator  
  82  17:04  Marine x3  
  82  17:05  Marauder x3, Marine x2  
  71  17:11  Liberator  
  61  17:15  Medivac  
  61  17:21  Siege Tank  
  61  17:22  Siege Tank  
  72  17:26  Marine  
  72  17:27  Marine x4  
  72  17:28  Medivac  
  82  17:31  SCV  
  83  17:53  Siege Tank  
  70  18:05  Marine  
  70  18:06  Marauder x3, Marine x5  
  70  18:07  Marauder, Marine  
  74  18:23  Marine x2  
  74  18:24  Marine x5  
  81  18:28  Marauder x4  
  89  18:41  Marine x2, SCV  
  89  18:44  Refinery x2  
  89  18:48  Supply Depot  
  91  18:54  Supply Depot  
  89  19:01  Hi-Sec Auto Tracking  
  82  19:28  Orbital Command  
  47  20:33  Supply Depot x2  
  47  20:54  Marine x8  
  47  20:55  Marauder x3  
  61  20:57  Supply Depot  
  61  21:00  Supply Depot  
Show
View Real Time Build Order
Export as new Build Order

LigerMaNN Zerg - Winner!

Build Orders: Hatch First 

Get SALT Encoding   

  12  0:03  Drone  
  13  0:12  Overlord  
  13  0:17  Drone  
  14  0:31  Drone x2  
  16  0:36  Drone  
  17  0:53  Hatchery  
  17  0:56  Drone  
  17  1:00  Drone  
  18  1:08  Drone  
  18  1:09  Extractor  
  18  1:19  Spawning Pool  
  18  1:21  Drone  
  18  1:29  Drone  
  19  1:40  Drone  
  20  1:50  Overlord  
  20  2:06  Queen x2  
  20  2:07  Zergling x2  
  20  2:08  Zergling x2  
  26  2:12  Metabolic Boost  
  27  2:15  Drone  
  27  2:17  Drone  
  28  2:24  Roach Warren  
  26  2:40  Drone x4  
  30  2:55  Overlord x2  
  30  3:01  Overlord x2  
  30  3:23  Roach x4  
  38  3:27  Roach  
  38  3:28  Roach x2  
  38  3:30  Roach  
  46  3:42  Roach  
  46  3:44  Zergling x8  
  52  4:06  Zergling x2  
  52  4:07  Zergling x12  
  59  4:20  Zergling x2  
  53  4:57  Zergling x16  
  55  5:11  Hatchery  
  55  5:12  Drone x4  
  52  5:16  Queen x2  
  56  5:34  Drone x4  
  55  5:48  Drone  
  55  5:49  Drone x7  
  52  5:53  Extractor  
  52  5:55  Extractor  
  52  5:56  Queen  
  52  6:28  Hatchery  
  52  6:32  Hatchery  
  50  6:33  Zergling x12  
  50  6:34  Zergling x10  
  56  6:53  Drone x2  
  56  6:54  Drone x2  
  59  6:55  Lair  
  59  6:57  Extractor  
  59  7:00  Drone x2  
  60  7:04  Pneumatized Carapace  
  59  7:33  Drone  
  59  7:34  Drone x6  
  59  7:36  Overlord x3  
  66  7:45  Drone x3  
  66  7:49  Queen  
  71  8:02  Baneling Nest  
  71  8:05  Drone x6  
  75  8:06  Drone x2  
  75  8:09  Drone  
  75  8:10  Drone x3  
  82  8:33  Extractor, Drone x3  
  85  8:34  Drone x3  
  85  8:35  Extractor  
  85  8:37  Overseer  
  86  8:44  Centrifical Hooks  
  86  8:47  Baneling x12  
  86  8:48  Baneling x12  
  86  8:50  Zergling x16  
  86  8:55  Hydralisk Den  
  93  8:57  Evolution Chamber x2  
  91  9:18  Drone x3  
  91  9:19  Overlord  
  91  9:20  Overlord x3  
  94  9:36  Muscular Augments  
  94  9:37  Zerg Missile Weapons Level 1  
  94  9:38  Zerg Melee Weapons Level 1  
  94  9:41  Hydralisk x10  
  94  9:44  Zergling x10  
  119  9:47  Queen  
  119  9:50  Queen  
  103  10:33  Hydralisk  
  103  10:34  Hydralisk x10  
  125  10:36  Overlord x4  
  125  10:42  Infestation Pit  
  124  10:54  Zergling x2  
  124  10:55  Zergling x24  
  137  11:10  Hydralisk  
  137  11:11  Hydralisk  
  139  11:20  Hatchery  
  125  11:37  Zergling x32  
  125  11:38  Zergling x4  
  131  11:53  Zerg Melee Weapons Level 2  
  131  11:54  Zerg Ground Armor Level 1  
  131  11:56  Hive  
  131  12:09  Baneling  
  131  12:10  Baneling x14  
  131  12:14  Zergling x12  
  136  12:32  Baneling  
  136  12:33  Baneling x23  
  123  12:46  Baneling x9  
  90  13:16  Extractor x2  
  81  13:27  Hatchery  
  81  13:33  Hatchery, Drone  
  81  13:34  Drone x11  
  86  13:52  Drone  
  86  13:53  Drone x4  
  91  14:01  Ultralisk Cavern  
  90  14:28  Hydralisk x6  
  90  14:29  Hydralisk x5  
  112  14:42  Zergling x18  
  84  15:23  Chitinous Plating  
  84  15:25  Ultralisk  
  84  15:27  Zergling x18  
  84  15:28  Zergling x18  
  108  15:31  Drone x2  
  108  15:32  Drone  
  108  15:33  Drone x4  
  115  15:37  Baneling x8  
  115  15:38  Baneling  
  115  15:46  Zergling x4  
  115  15:47  Zergling x6  
  120  16:01  Drone x8  
  120  16:02  Drone x2  
  130  16:05  Extractor  
  130  16:07  Extractor  
  128  16:13  Baneling x6  
  128  16:14  Baneling x5  
  116  16:38  Ultralisk  
  125  16:40  Zergling x24  
  125  16:42  Drone  
  125  16:43  Drone  
  125  16:45  Drone x2  
  125  16:46  Drone  
  139  16:47  Drone  
  124  17:09  Zergling x28  
  124  17:10  Zergling x4  
  139  17:24  Zerg Melee Weapons Level 3, Spire  
  137  17:47  Hydralisk  
  137  17:48  Hydralisk x9  
  118  18:13  Hydralisk x7  
  118  18:14  Hydralisk  
  118  18:19  Zergling x20  
  125  19:12  Hatchery  
  125  19:13  Overlord x4  
  125  19:14  Hydralisk x6  
  130  19:45  Hydralisk  
  130  19:46  Hydralisk x15  
  130  19:48  Zergling x2  
  163  20:06  Overlord x4  
  162  20:35  Hatchery  
Tags
 
Add a new tag
Caveats
  • Supply blocks, unpowered buildings, or Contaminate may cause inaccurate times.
  • Supply counts are checked every 10 seconds.